Map: Ulrena

Players

Crabsteak

  • Race: Protoss Protoss
  • League: Silver

LilDicky - Winner!

  • Race: Terran Terran
  • League: Diamond

VOD

http://www.twitch.tv/tumescentpie

Description

Time

  • Played on: Jan. 3, 2016, 2:56 p.m.
  • Length: 13:47
Show
View Real Time Build Order
Export as new Build Order

Crabsteak Protoss 

Build Orders: Colossus Rush 

Get SALT Encoding   

  12  0:01  Probe (Chrono Boost)  
  13  0:12  Probe (Chrono Boost)  
  14  0:18  Pylon  
  14  0:24  Probe (Chrono Boost)  
  15  0:36  Probe (Chrono Boost)  
  16  0:43  Gateway  
  16  0:47  Probe (Chrono Boost)  
  17  0:54  Pylon  
  17  1:00  Probe (Chrono Boost)  
  17  1:03  Assimilator  
  18  1:10  Probe (Chrono Boost)  
  18  1:20  Pylon  
  18  1:21  Probe (Chrono Boost)  
  19  1:30  Cybernetics Core  
  19  1:31  Probe (Chrono Boost)  
  20  1:33  Zealot (Chrono Boost)  
  22  1:43  Probe  
  22  1:44  Assimilator  
  23  1:57  Probe, Gateway  
  24  2:09  Warp Gate (Chrono Boost)  
  24  2:13  Adept  
  26  2:19  Probe  
  27  2:26  Pylon  
  27  2:34  Probe  
  28  2:40  Robotics Facility  
  28  2:44  Adept  
  30  2:53  Probe  
  30  2:57  Adept  
  33  3:23  Nexus  
  33  3:31  Immortal  
  37  3:47  Robotics Bay  
  37  3:48  Probe  
  37  3:55  Pylon  
  38  4:05  Pylon  
  38  4:36  Extended Thermal Lance  
  38  4:38  Pylon  
  38  4:41  Probe  
  39  4:47  Probe  
  38  5:05  Zealot  
  38  5:06  Stalker  
  42  5:11  Colossus (Chrono Boost)  
  40  5:20  Probe  
  41  5:21  Probe  
  42  5:30  Zealot x2  
  42  5:31  Gateway  
  42  5:34  Gateway  
  42  5:53  Zealot  
  42  5:54  Zealot  
  34  6:28  Colossus (Chrono Boost)  
  40  6:47  Pylon  
  40  6:49  Pylon  
  40  6:54  Pylon  
  40  6:56  Pylon  
  39  7:06  Zealot  
  39  7:07  Zealot  
  43  7:31  Pylon  
  43  7:32  Pylon  
  43  7:37  Pylon  
  43  7:39  Pylon  
  43  7:42  Pylon  
  43  7:51  Observer (Chrono Boost)  
  44  8:00  Zealot  
  46  8:13  Zealot  
  46  8:14  Zealot x2  
  52  8:36  Zealot x4  
  54  8:47  Cybernetics Core  
  42  9:09  Zealot x4  
  44  9:21  Colossus (Chrono Boost)  
  50  9:30  Zealot x2  
  54  9:43  Stalker  
  56  10:15  Stalker x3  
  34  11:09  Nexus  
  32  11:24  Disruptor (Chrono Boost)  
  32  11:42  Zealot x2  
  32  11:46  Zealot x2  
  31  11:55  Disruptor (Chrono Boost)  
  29  12:41  Zealot x2  
Show
View Real Time Build Order
Export as new Build Order

LilDicky Terran - Winner!

Build Orders: MMM Bio 

Get SALT Encoding   

  12  0:04  SCV  
  13  0:16  SCV  
  13  0:20  Supply Depot  
  14  0:28  SCV  
  15  0:39  Refinery  
  15  0:41  SCV  
  16  0:54  Barracks  
  16  1:02  SCV  
  17  1:14  SCV  
  18  1:26  SCV  
  19  1:40  Orbital Command  
  19  1:41  Marine  
  19  1:43  Supply Depot  
  20  1:47  Factory  
  20  2:00  Marine  
  21  2:06  SCV  
  22  2:15  Barracks  
  22  2:17  Barracks  
  22  2:25  SCV  
  22  2:26  Refinery  
  22  2:28  Barracks Reactor  
  23  2:39  SCV  
  23  2:51  SCV  
  23  2:56  Supply Depot  
  24  3:02  Barracks Tech Lab  
  24  3:03  SCV  
  24  3:04  Barracks Tech Lab, Marine x2  
  29  3:15  SCV  
  30  3:22  Combat Shields, Marine x2  
  30  3:23  Supply Depot, Stimpack  
  30  3:26  Marine  
  31  3:35  SCV, Marauder  
  31  3:39  Starport  
  34  3:49  Marauder  
  34  3:50  Marine  
  34  3:51  Marine  
  34  3:52  SCV  
  39  3:59  Bunker  
  39  4:15  SCV  
  40  4:18  Marauder x2  
  43  4:26  Medivac  
  43  4:29  Supply Depot  
  45  4:33  Marine  
  45  4:35  Marine  
  47  4:41  Supply Depot  
  47  4:51  SCV, Marauder  
  50  4:55  Widow Mine  
  51  5:03  SCV  
  49  5:13  Medivac  
  49  5:14  Marine x3  
  50  5:15  Marauder  
  50  5:16  Supply Depot  
  55  5:33  Marauder  
  55  5:54  Widow Mine  
  57  6:09  Marine  
  57  6:10  Marine x2  
  62  6:11  Marauder  
  49  6:43  Marine x4  
  53  6:51  Widow Mine  
  55  7:01  Medivac, Marine x3  
  56  7:02  Marauder  
  61  7:19  Marine x2  
  61  7:20  Marauder  
  61  7:31  Viking  
  61  7:33  Engineering Bay  
  63  7:44  Marine x3  
  65  8:01  Marine  
  65  8:02  Marine  
  65  8:04  Viking  
  68  8:08  Command Center  
  66  8:14  Missile Turret  
  52  8:42  Marine x3  
  49  8:57  Marine  
  49  9:00  Marauder  
  49  9:19  Marine  
  49  9:20  Marine x2  
  49  9:21  Marine  
  49  9:37  Bunker, Marine  
  49  9:38  Marine x2  
  48  9:39  Marine  
  49  9:55  Marine  
  49  9:56  SCV, Marine x2  
  49  9:57  Marauder  
  49  9:58  Orbital Command  
  55  10:03  Medivac  
  56  10:09  SCV  
  56  10:11  Supply Depot  
  56  10:13  Marine x2  
  61  10:14  Marauder  
  61  10:18  Concussive Shells  
  61  10:21  SCV  
  62  10:25  Engineering Bay, Barracks  
  62  10:35  Marine x3  
  52  11:09  Marine x4  
  54  11:14  Barracks Reactor  
  54  11:18  Widow Mine  
  56  11:26  Marine  
  56  11:27  Marauder x2, Marine  
  56  11:30  Command Center  
  62  11:44  Marine x2  
  64  11:49  Marauder x2  
  68  12:00  SCV x2  
  70  12:04  Marine  
  70  12:05  Marine x2  
  73  12:09  Barracks x2  
  73  12:10  Marauder  
  73  12:12  Armory, Marine, SCV  
  73  12:13  Marine  
  78  12:22  Marine  
  77  12:31  Marauder x2  
  77  12:33  Marine x2  
  81  12:42  Marine x2  
  81  12:50  Marine x2  
  81  12:51  Engineering Bay  
  83  12:52  Marauder  
  83  12:53  Marauder  
  79  13:22  Marine x2  
  79  13:23  Marine x3  
  79  13:24  Barracks Tech Lab, Marauder x2  
Tags
 
Add a new tag
Caveats
  • Supply blocks, unpowered buildings, or Contaminate may cause inaccurate times.
  • Supply counts are checked every 10 seconds.